 Dungeon Crawl Stone Soup version 0.30-a0-390-g80c34de65d (webtiles) character file.

Game seed: 9096228311411332588

9088 lesbiats the Grappler (level 11, -2/90 (109) HPs)
             Began as a Troll Fighter on Dec 5, 2022.
             Was an Elder of Wu Jian.
             Slain by a blink frog (14 damage)
             ... on level 10 of the Dungeon.
             The game lasted 00:31:52 (10198 turns).

lesbiats the Grappler (Troll Fighter)              Turns: 10198, Time: 00:31:52

HP:   -2/90 (109)   AC:  4    Str: 26    XL:     11   Next: 18%
MP:   10/10         EV: 14    Int:  8    God:    Wu Jian [****..]
Gold: 574           SH:  9    Dex:  9    Spells: 10/10 levels left

rFire   + . .      SeeInvis .      - Unarmed
rCold   . . .      Faith    .    b - +1 kite shield
rNeg    . . .      Spirit   .    a - +0 robe
rPois   .          Reflect  .    (helmet restricted)
rElec   .          Harm     .    P - scarf {+Inv}
rCorr   .          Rampage  .    (gloves unavailable)
Will    .....                    (boots unavailable)
Stlth   +.........               (no amulet)
HPRegen 1.15/turn                M - ring of protection from fire
MPRegen 0.12/turn                R - +4 ring of evasion

@: heavily drained
A: large, unfitting armour, claws 3, regeneration 1, shaggy fur 1, tough skin 1
a: Renounce Religion, Evoke Invisibility, Wall Jump, Serpent's Lash


You were on level 10 of the Dungeon.
You worshipped Wu Jian.
Wu Jian was greatly pleased with you.
You visited 3 branches of the dungeon, and saw 12 of its levels.
You also visited: Ossuary.

You collected 574 gold pieces.

Inventory:

Hand Weapons
 K - the +4 war axe of Instant Death {freeze, +Blink rC+}
   (You found it on level 4 of the Dungeon)

   It freezes those it strikes, dealing additional cold damage.
   It can also slow down cold-blooded creatures.
   rC:        It protects you from cold.
   +Blink:    It lets you blink.
Missiles
 n - 2 throwing nets
 t - 2 atropa-tipped darts (quivered)
 I - 10 poisoned darts
 L - 2 curare-tipped darts
 Q - 4 large rocks
Armour
 a - a +0 robe (worn)
 b - a +1 kite shield (worn)
 H - a scarf of shadows
 O - a +0 cloak
 P - a scarf of invisibility (worn)
Jewellery
 m - a +6 ring of intelligence
 M - a ring of protection from fire (left claw)
 R - a +4 ring of evasion (right claw)
 S - a ring of fire
 U - a ring of see invisible
Scrolls
 d - 3 scrolls of immolation
 g - 3 scrolls of enchant armour
 h - 5 scrolls of fog {unknown}
 i - 3 scrolls of amnesia {unknown}
 l - a scroll of vulnerability {unknown}
 o - 2 scrolls of enchant weapon {unknown}
 p - 2 scrolls of poison {unknown}
 v - 5 scrolls of teleportation {unknown}
 w - 4 scrolls of magic mapping {unknown}
 y - 6 scrolls of noise
 A - 4 scrolls of fear {unknown}
 B - 2 scrolls of summoning {unknown}
 D - 3 scrolls of blinking {unknown}
 G - a scroll of brand weapon {unknown}
 J - a scroll of silence {unknown}
Potions
 c - 2 potions of might
 e - 2 potions of attraction
 f - a potion of cancellation {unknown}
 j - 3 potions of haste
 k - 4 potions of mutation
 q - 3 potions of magic {unknown}
 r - 3 potions of lignification
 s - 2 potions of experience {unknown}
 u - 2 potions of brilliance {unknown}
 x - 3 potions of flight
 z - 3 potions of curing
 C - a potion of ambrosia {unknown}
 E - a potion of resistance {unknown}
 F - 3 potions of invisibility {unknown}
 N - 2 potions of berserk rage


   Skills:
 + Level 7.4 Fighting
 + Level 7.4 Dodging
 + Level 5.9 Shields
 * Level 11.9 Unarmed Combat


You had 10 spell levels left.
You didn't know any spells.
Your spell library contained the following spells:

 Spells                   Type           Power      Damage    Failure   Level
 Passwall                 Tmut/Erth      0%         N/A       80%         2
 Gell's Gravitas          Tloc           0%         N/A       95%         3
 Lesser Beckoning         Tloc           0%         N/A       95%         3
 Summon Guardian Golem    Hex/Summ       0%         N/A       95%         3
 Teleport Other           Tloc           0%         N/A       95%         3
 Dragon Form              Tmut           0%         N/A       100%        7
 Necromutation            Tmut/Necr      0%         N/A       100%        8


Dungeon Overview and Level Annotations

Branches:
Dungeon (10/15)            Temple (1/1) D:4            Lair (1/5) D:10
    Orc (0/2) D:10        Ossuary (visited)

Altars:
Ashenzari
Cheibriados
Dithmenos
Elyvilon
Fedhas
Gozag
Hepliaklqana
Kikubaaqudgha
Makhleb
Nemelex Xobeh
Okawaru
Qazlal
Ru
Sif Muna
Trog
Uskayaw
Vehumet
Wu Jian
Xom
Yredelemnul
Zin
The Shining One

Shops:
D:8 *

Annotations:
D:9 4 runed translucent doors


Innate Abilities, Weirdness & Mutations

You are too large for most types of armour.
You have claws for hands.
Your natural rate of healing is unusually fast.
You are covered in fur. (AC +1)
You have tough skin. (AC +1)


Message History

You start waiting.
Done waiting.
You can't go up here!
You climb downwards.
Welcome back to the Lair of Beasts!
The blink frog blinks!
The blink frog closely misses you. x2; You block the hound's attack.
The blink frog hits you! x2; The blink frog misses you.
The blink frog hits you but does no damage.
The hound bites you.
There is a staircase back to the Dungeon, spattered with blood here.
The hound misses you. You block the blink frog's attack.
The blink frog closely misses you. The blink frog hits you!
You climb upwards.
Welcome back to the Dungeon!
There is a staircase to the Lair here.
You scratch the hound.
The hound is lightly wounded.
The hound closely misses you. You block the blink frog's attack.
The blink frog hits you! You block the blink frog's attack.
The hound barely misses you.
The blink frog hits you but does no damage.
The blink frog hits you.
The blink frog blinks!
You barely miss the hound.
The hound is lightly wounded.
The hound bites you. The blink frog closely misses you.
You block the blink frog's attack.
You mangle the hound!!
You kill the hound!
The Council accepts your kill. The blink frog hits you.
The blink frog blinks!
The blink frog hits you.
* * * LOW HITPOINT WARNING * * *
The blink frog blinks!
Unknown command.
The blink frog blinks! x3
The blink frog attacks as you move away!
The blink frog hits you!!
* * * LOW HITPOINT WARNING * * *
The blink frog blinks!
The blink frog blinks!
The blink frog blinks!
The blink frog hits you!
You die...

#.......#######.....#####
#........................
#.....~......~~.~....~...
#......≈~..~~.~≈~..~.....
#....~~≈≈~~~≈~~~≈~~~.....
##..~~~≈≈≈~≈~~.~~~~..~...
#.....≈≈≈≈...~..~~~.....
#...~~~~≈≈~....~≈~.≈~~..
#......@F....>..≈≈~~....
#..~~~~~~F.....~~≈≈.~...
#..~≈≈≈≈≈≈.~..~.~~≈≈....
#...~≈~≈≈≈~~~≈~~≈≈≈≈~..#
#...~~≈.≈≈§≈≈≈≈≈≈~~~~..#
#..~.~..~~≈≈≈≈≈≈~......#
#.........~~≈≈≈≈~.~....#
#..........≈≈≈≈≈~......#
#..#####†###############


You could see 2 blink frogs.

Vanquished Creatures
  A two-headed ogre (D:9)
  2 trolls (D:10)
  A hornet (D:10)
  A blink frog (Lair:1)
  2 wraiths
  6 yaks (D:10)
  2 basilisks
  A steam dragon (D:7)
  3 water moccasins (D:7)
  4 orc warriors
  An ice beast (D:5)
  3 ogres
  11 wolves
  5 centaurs
  2 phantoms
  6 bullfrogs
  6 necrophages
  3 scorpions
  11 wights
  12 killer bees
  6 howler monkeys
  3 electric eels (D:10)
  A bullfrog zombie (D:5)
  3 centaur zombies
  3 orc priests
  10 hounds
  2 jellies (D:5)
  A human zombie (D:5)
  2 iguanas
  A scorpion zombie (D:5)
  8 orc wizards
  Natasha (thrice) (D:4)
  2 hound zombies (D:5)
  4 mummies (Ossuary)
  5 adders
  A shadow imp (D:5)
  2 white imps
  An ufetubus (D:5)
  An adder zombie (D:5)
  5 dart slugs
  40 orcs
  6 ball pythons
  6 endoplasms
  A giant cockroach (D:1)
  7 goblins
  7 hobgoblins
  3 jackals (D:5)
  2 quokkas (D:2)
  4 frilled lizards
  2 hobgoblin zombies (Ossuary)
  7 kobolds
  3 kobold zombies (Ossuary)
  An orc zombie (Ossuary)
  7 rats
243 creatures vanquished.

Vanquished Creatures (others)
  A plant (Lair:1)
1 creature vanquished.

Grand Total: 244 creatures vanquished

Notes
Turn   | Place    | Note
-------+----------+-------------------------------------------
     0 | D:1      | lesbiats the Troll Fighter began the quest for the Orb.
     0 | D:1      | Reached XP level 1. HP: 22/22 MP: 0/0
   234 | D:1      | Reached XP level 2. HP: 29/29 MP: 1/1
   707 | D:2      | Reached XP level 3. HP: 36/36 MP: 2/2
   733 | D:1      | Reached skill level 3 in Unarmed Combat
  1002 | D:2      | Reached XP level 4. HP: 41/44 MP: 3/3
  1873 | D:3      | Found a white marble altar of Elyvilon.
  1966 | D:4      | Found a sand-covered staircase.
  1976 | Ossuary  | Entered an ossuary
  2019 | Ossuary  | Reached skill level 4 in Unarmed Combat
  2019 | Ossuary  | Reached XP level 5. HP: 53/53 MP: 4/4
  2515 | D:4      | Found a broken altar of Ashenzari.
  2515 | D:4      | Noticed a phantom
  2528 | D:4      | Killed a phantom
  2529 | D:4      | Reached XP level 6. HP: 56/61 MP: 5/5
  2578 | D:4      | Reached skill level 5 in Unarmed Combat
  2683 | D:4      | Found a staircase to the Ecumenical Temple.
  2707 | Temple   | Entered the Ecumenical Temple
  2734 | Temple   | Became a worshipper of the Wu Jian Council
  2962 | D:4      | Identified the +4 war axe of Instant Death {freeze, +Blink
                  | rC+}
  3019 | D:4      | Noticed Natasha
  3027 | D:4      | Killed Natasha
  3230 | D:4      | Noticed Natasha
  3235 | D:4      | Killed Natasha
  3321 | D:4      | Noticed Natasha
  3329 | D:4      | Killed Natasha
  3352 | D:5      | Entered Level 5 of the Dungeon
  3360 | D:5      | Reached XP level 7. HP: 68/68 MP: 6/6
  3467 | D:5      | You fall into a shaft and drop 2 floors!
  3518 | D:6      | Reached skill level 6 in Unarmed Combat
  3892 | D:5      | Reached XP level 8. HP: 62/79 MP: 7/7
  3919 | D:5      | Reached skill level 7 in Unarmed Combat
  3944 | D:5      | Found a basalt altar of Yredelemnul.
  4356 | D:6      | Reached skill level 5 in Fighting
  4356 | D:6      | Reached skill level 5 in Dodging
  4368 | D:6      | Reached skill level 8 in Unarmed Combat
  4500 | D:6      | Found a stormy altar of Qazlal.
  4819 | D:7      | Reached XP level 9. HP: 83/88 MP: 8/8
  4838 | D:7      | Reached * piety under Wu Jian
  5142 | D:7      | Reached skill level 9 in Unarmed Combat
  5547 | D:8      | Found Vuimpetsi's Lightly-Used Armoury.
  6105 | D:8      | Reached ** piety under Wu Jian
  6220 | D:8      | Found a glowing silver altar of Zin.
  6639 | D:9      | Found a large runed translucent door.
  6639 | D:9      | Found a large runed translucent door.
  6647 | D:9      | Noticed a cyclops
  6647 | D:9      | Noticed a freezing wraith
  6664 | D:9      | Reached skill level 10 in Unarmed Combat
  6701 | D:9      | Reached XP level 10. HP: 87/98 MP: 9/9
  6719 | D:9      | Got Sif Muna's Guidebook on Helpful Transmutation
  6951 | D:9      | Reached *** piety under Wu Jian
  7063 | D:9      | Found a large runed translucent door.
  7063 | D:9      | Found a large runed translucent door.
  7105 | D:9      | Noticed a two-headed ogre
  7125 | D:9      | Killed a two-headed ogre
  7192 | D:9      | Reached skill level 5 in Shields
  7666 | D:10     | Entered Level 10 of the Dungeon
  7701 | D:10     | Reached skill level 11 in Unarmed Combat
  7868 | D:10     | Found a hazy altar of Hepliaklqana.
  8379 | D:10     | Found a staircase to the Lair.
  8465 | D:10     | Reached XP level 11. HP: 103/109 MP: 10/10
  9218 | D:10     | Found a staircase to the Orcish Mines.
  9307 | Lair:1   | Entered Level 1 of the Lair of Beasts
  9497 | Lair:1   | Reached **** piety under Wu Jian
 10198 | D:10     | Slain by a blink frog

Illustrated notes

Levels and vault maps discovered:
D:1:      nagdon_arrival_zigzag_paths, layout_basic, moated_statue
D:2:      layout_rooms, minmay_ruptured
D:3:      layout_basic, general_overflow_altar
D:4:      layout_rooms, mainiacjoe_overflow_alcove_2, minmay_temple_entry_ruins,
          enter_ossuary_3, uniq_natasha
D:5:      layout_basic, lemuel_mausoleum_altar_yredelemnul
D:6:      layout_gridville, grunt_qazlal_sundering
D:7:      layout_basic, roderic_roman_lattice
D:8:      minmay_spotlight, layout_cave_pools, lemuel_coloured_pillars_altar,
          minmay_shop_damaged, grunt_ogre_cave, hangedman_abyss_or_decor_passed
D:9:      layout_cave_pods, moated_statue, minmay_hollow_rounded_squares
D:10:     layout_small_grid, mainiacjoe_overflow_small_starburst,
          erik_lair_island, fungi_pond_lemuel
Temple:   regret_index_temple_sphere_string
Lair:1:   beast_lair_carwin_large_2, layout_long_grid, serial_bayou_shore_a

Skill      XL: |  1  2  3  4  5  6  7  8  9 10 |
---------------+-------------------------------+-----
Unarmed Combat | 3 4 5 6 8 10 11 | 11.9
Dodging        | 3 4 5 6 7 |  7.4
Fighting       | 3 4 5 6 7 |  7.4
Shields        | 4 5 |  5.9

Action                   |  1- 3 |  4- 6 |  7- 9 | 10-12 || total
-------------------------+-------+-------+-------+-------++-------
Melee: Unarmed           |    85 |   103 |   329 |   298 ||   815
       War axe           |       |    14 |       |       ||    14
Throw: Dart              |       |     1 |       |       ||     1
       Large rock        |       |       |       |     1 ||     1
Invok: Lunge             |       |     1 |    23 |    25 ||    49
       Whirlwind         |       |       |    23 |    84 ||   107
  Use: Scroll            |       |     2 |     5 |     2 ||     9
       Potion            |       |       |     4 |     9 ||    13
 Stab: Sleeping          |       |       |     1 |       ||     1
Armor: Robe              |    22 |    23 |    34 |    26 ||   105
       Skin              |       |       |       |     7 ||     7
Dodge: Dodged            |    23 |    24 |   133 |   191 ||   371
Block: Kite shield       |    24 |    35 |   108 |   127 ||   294

Table legend: (Time is in decaauts)
 A = Elapsed time spent in this place.
 B = Non-inter-level travel time spent in this place.
 C = Inter-level travel time spent in this place.
 D = Time resting spent in this place.
 E = Time spent auto-exploring this place.
 F = Levels seen in this place.
 G = Mean time per level.
                   A        B        C        D        E       F      G
               +--------+--------+--------+--------+--------+-----+--------+
         Total |  10191 |   8971 |   1220 |   2057 |   4375 |  13 |  783.9 |
       Dungeon |   9355 |   8179 |   1176 |   1898 |   4143 |  10 |  935.5 |
        Temple |    200 |    164 |     36 |      0 |    149 |   1 |  200.0 |
          Lair |    252 |    244 |      8 |     49 |     73 |   1 |  252.0 |
       Ossuary |    383 |    383 |      0 |    110 |     10 |   1 |  383.0 |
               +--------+--------+--------+--------+--------+-----+--------+

Top non-repeatable levels by time:
    D:10: 2197 daAuts
     D:9: 1114 daAuts
     D:7: 988 daAuts
     D:8: 948 daAuts
     D:4: 832 daAuts
     D:1: 813 daAuts
     D:6: 732 daAuts
     D:3: 706 daAuts
     D:5: 587 daAuts
     D:2: 433 daAuts
 Ossuary: 383 daAuts
  Lair:1: 252 daAuts
  Temple: 200 daAuts
